 Dungeon Crawl Stone Soup version 0.27-a0-637-g3a9f0a9c12 (webtiles) character file.

Game seed: 988110330826434596

342 Johnny the Magician (level 6, -3/37 HPs)
             Began as a Deep Elf Earth Elementalist on Mar 14, 2021.
             Slain by Grinder (8 damage)
             ... while paralysed by Grinder
             ... on level 5 of the Dungeon.
             The game lasted 00:02:58 (4485 turns).

Johnny the Magician (Deep Elf Earth Elementalist)   Turns: 4485, Time: 00:02:59

Health: -3/37      AC:  4    Str:  5    XL:     6   Next: 30%
Magic:  8/15       EV:  2    Int: 22    God:
Gold:   250        SH:  0    Dex: 15    Spells: 14/15 levels left

rFire    . . .     SeeInvis .   w - +2 short sword (venom)
rCold    . . .     Faith    .   (no shield)
rNeg     . . .     Spirit   .   c - +0 robe
rPois    .         Reflect  .   l - +0 helmet
rElec    .         Harm     .   j - +0 cloak
rCorr    .         Rampage  .   (no gloves)
Will     .....                  (no boots)
Stlth    ++........             (no amulet)
HPRegen  0.12/turn              (no ring)
MPRegen  0.14/turn              (no ring)

@: paralysed
A: no striking features
a: no special abilities


You were on level 5 of the Dungeon.
You visited 1 branch of the dungeon, and saw 5 of its levels.

You collected 250 gold pieces.

Inventory:

Hand Weapons
 i - a +4 quarterstaff of chaos
 k - a +2 mace of draining
 w - a +2 short sword of venom (weapon)
Missiles
 b - 41 stones
Armour
 c - a +0 robe (worn)
 j - a +0 cloak (worn)
 l - a +0 helmet (worn)
Wands
 u - a wand of iceblast (7)
Scrolls
 a - a scroll of magic mapping {unknown}
 e - a scroll of fear {unknown}
 f - 5 scrolls of identify {unknown}
 h - 2 scrolls of amnesia {unknown}
 m - a scroll of teleportation {unknown}
 r - a scroll of random uselessness {unknown}
 v - a scroll of blinking {unknown}
Potions
 d - a potion of heal wounds {unknown}
 g - 2 potions of mutation {unknown}
 n - a potion of cancellation {unknown}
 o - 5 potions of curing {unknown}
 p - a potion of haste {unknown}
 q - 2 potions of ambrosia {unknown}
 s - 2 potions of might {unknown}
 t - 2 potions of degeneration {unknown}


   Skills:
 * Level 3.5 Fighting
 - Level 2.4 Dodging
 - Level 2.4 Stealth
 + Level 5.1 Spellcasting
 - Level 1.1 Transmutations
 + Level 4.8 Earth Magic


You had 14 spell levels left.
You knew the following spells:

 Your Spells              Type           Power      Damage    Failure   Level
a - Sandblast             Erth           54%        2d13      1%          1

Your spell library contained the following spells:

 Spells                   Type           Power      Damage    Failure   Level
 Passwall                 Tmut/Erth      15%        N/A       4%          2
 Foxfire                  Conj/Fire      20%        2x1d5     10%         1
 Magic Dart               Conj           20%        1d4       10%         1
 Shock                    Conj/Air       20%        1d4       10%         1
 Stone Arrow              Conj/Erth      32%        3d9       11%         3
 Searing Ray              Conj           10%        3d3       16%         2
 Petrify                  Tmut/Erth      18%        N/A       28%         4
 Mephitic Cloud           Conj/Pois/Air  5%         N/A       30%         3
 Lee's Rapid Deconstruct  Erth           13%        3d10*     36%         5
 Iskenderun's Battlesphe  Conj           5%         2d6       95%         5
 Spellforged Servitor     Conj/Summ      2%         N/A       100%        7


Dungeon Overview and Level Annotations

Branches:
Dungeon (5/15)
 Temple: D:4-7

Altars:
Makhleb
Nemelex Xobeh
Qazlal

Annotations:
D:3 2 transporters, dricus's ghost, amateur DgAE
D:5 Grinder


Message History

Press: ? - help, Shift-Dir - straight line, f - jackal
Aim: a jackal (24% to evade)
The blast of sand hits the jackal!
You kill the jackal!
Okay, then.
You closely miss Grinder. Grinder hits you but does no damage.
Casting: Sandblast (safe; 1% risk of failure)
Confirm with . or Enter, or press ? or * to list all spells.
Aiming: Sandblast (safe; 1% risk of failure)
Press: ? - help, Shift-Dir - straight line, f - Grinder
Aim: Grinder (22% to evade)
The blast of sand hits Grinder!
Grinder is lightly wounded.
Grinder closely misses you.
Unknown command.
Casting: Sandblast (safe; 1% risk of failure)
Confirm with . or Enter, or press ? or * to list all spells.
Aiming: Sandblast (safe; 1% risk of failure)
Press: ? - help, Shift-Dir - straight line, f/p - Grinder
Aim: Grinder (lightly wounded, 22% to evade)
The blast of sand hits Grinder.
Grinder is moderately wounded.
Grinder hits you!
You writhe in agony.
Casting: Sandblast (safe; 1% risk of failure)
Confirm with . or Enter, or press ? or * to list all spells.
Aiming: Sandblast (safe; 1% risk of failure)
Press: ? - help, Shift-Dir - straight line, f/p - Grinder
Aim: Grinder (moderately wounded, 22% to evade)
The blast of sand hits Grinder!
Grinder is severely wounded.
Grinder gestures at you.
You suddenly lose the ability to move!
Grinder hits you but does no damage.
Grinder says, "Wait up."
Grinder hits you.
* * * LOW HITPOINT WARNING * * *
You writhe in agony.
* * * LOW HITPOINT WARNING * * *
Grinder hits you!
You die...

.# ......# #.# ..
##.#....###.#
.###....#......####
.................#
##....# #........#
.###.(...# #........#
.....#...# #..<.....#
##.....#####.....†..#
.......lh5@..###.#####
#......#####.....#
#.##..# ####..... #
#... #...## #$.# #.#.#
.(.# #. ..# .). #. #.#


You could see Grinder, a jackal and a frilled lizard.

Vanquished Creatures
  A scorpion (D:4)
  2 orc priests (D:4)
  Crazy Yiuf (D:2)
  An orc wizard (D:4)
  2 worker ants
  A howler monkey skeleton (D:4)
  2 adders
  An ufetubus (D:5)
  2 oozes
  An adder skeleton (D:3)
  3 worms
  3 leopard geckos
  4 orcs
  3 giant cockroaches
  6 goblins
  5 hobgoblins
  2 jackals (D:5)
  9 kobolds
  2 quokkas
  2 ball pythons
  8 bats
  7 frilled lizards
  9 rats
77 creatures vanquished.

Notes
Turn   | Place    | Note
-------+----------+-------------------------------------------
     0 | D:1      | Johnny the Deep Elf Earth Elementalist began the quest for
                  | the Orb.
     0 | D:1      | Reached XP level 1. HP: 10/10 MP: 6/6
   192 | D:2      | Reached XP level 2. HP: 15/16 MP: 8/8
   297 | D:2      | Reached skill level 1 in Fighting
  1022 | D:2      | Found a runed translucent door.
  1023 | D:2      | Noticed Crazy Yiuf
  1545 | D:2      | Killed Crazy Yiuf
  1546 | D:2      | Reached XP level 3. HP: 21/21 MP: 5/10
  2016 | D:1      | Reached XP level 4. HP: 26/26 MP: 11/11
  2195 | D:1      | Reached skill level 4 in Spellcasting
  2762 | D:3      | Found a stormy altar of Qazlal.
  2783 | D:3      | Found a transporter.
  2786 | D:3      | Found a transporter.
  2786 | D:3      | Noticed dricus's ghost (amateur DgAE)
  3516 | D:3      | Found a burning altar of Makhleb.
  3682 | D:4      | Identified Qun Soyps's Disquisition on Battle Magic
  3697 | D:4      | Reached XP level 5. HP: 29/31 MP: 13/13
  4107 | D:4      | Found a sparkling altar of Nemelex Xobeh.
  4282 | D:4      | Reached skill level 5 in Spellcasting
  4282 | D:4      | Reached XP level 6. HP: 23/37 MP: 15/15
  4454 | D:5      | Entered Level 5 of the Dungeon
  4470 | D:5      | Noticed Grinder
  4482 | D:5      | Paralysed by Grinder for 5 turns
  4485 | D:5      | Slain by Grinder

Illustrated notes

Levels and vault maps discovered:
D:1:      dpeg_arrival_fog, layout_basic, lemuel_another_geyser
D:2:      layout_loops_ring, uniq_crazy_yiuf_cottage
D:3:      layout_basic, lightli_temple_of_fire, lemuel_doored_altar,
          gammafunk_ghost_arena
D:4:      layout_rooms, nemelex_xobeh_ov_fountains_minmay
D:5:      layout_rooms, nicolae_hepliaklqana_hippocampus,
          nicolae_gozag_zags_fifth_avenue, bloody_trog, vehumet_statue,
          temple_statues, serial_shops, shop, uniq_grinder

Skill      XL: |  1  2  3  4  5 |
---------------+----------------+-----
Fighting       | 1 2 3 |  3.5
Earth Magic    | 4 |  4.8
Spellcasting   | 4 5 |  5.1
Dodging        | |  2.4
Stealth        | |  2.4
Transmutations | |  1.1

Action                   |  1- 3 |  4- 6 || total
-------------------------+-------+-------++-------
Melee: Unarmed           |     8 |       ||     8
       Dagger            |    31 |       ||    31
       Quarterstaff      |    22 |    60 ||    82
       Short sword       |       |    21 ||    21
 Cast: Sandblast         |    27 |    27 ||    54
Evoke: Wand              |       |     2 ||     2
 Stab: Sleeping          |     7 |     8 ||    15
Armor: Robe              |    22 |    23 ||    45
Dodge: Dodged            |    46 |    57 ||   103

Table legend: (Time is in decaauts)
 A = Elapsed time spent in this place.
 B = Non-inter-level travel time spent in this place.
 C = Inter-level travel time spent in this place.
 D = Time resting spent in this place.
 E = Time spent auto-exploring this place.
 F = Levels seen in this place.
 G = Mean time per level.
                   A        B        C        D        E       F      G
               +--------+--------+--------+--------+--------+-----+--------+
         Total |   4510 |   4387 |    123 |     51 |   3807 |   5 |  902.0 |
       Dungeon |   4510 |   4387 |    123 |     51 |   3807 |   5 |  902.0 |
               +--------+--------+--------+--------+--------+-----+--------+

Top non-repeatable levels by time:
     D:2: 1618 daAuts
     D:3: 1205 daAuts
     D:1: 861 daAuts
     D:4: 793 daAuts
     D:5: 31 daAuts
